 Dungeon Crawl Stone Soup version 0.29-a0-997-gf6f7e2dfe7 (webtiles) character file.

Game seed: 17620763732811481227

46 IdlyInterested the Poker (level 3, -3/29 HPs)
             Began as a Demonspawn Fighter on Aug 4, 2022.
             Slain by a gnoll
             ... wielding a +1 flail of protection
              (5 damage)
             ... on level 2 of the Dungeon.
             The game lasted 00:02:35 (1042 turns).

IdlyInterested the Poker (Demonspawn Fighter)       Turns: 1042, Time: 00:02:36

Health: -3/29      AC:  6    Str: 18    XL:     3   Next: 46%
Magic:  3/3        EV: 10    Int:  9    God:
Gold:   77         SH:  9    Dex: 12    Spells: 2/2 levels left

rFire   . . .      SeeInvis .   a - +0 trident
rCold   . . .      Faith    .   c - +0 buckler
rNeg    . . .      Spirit   .   b - +0 scale mail
rPois   .          Reflect  +   (no helmet)
rElec   .          Harm     .   (no cloak)
rCorr   .          Rampage  .   (no gloves)
Will    .....                   (no boots)
Stlth   +.........              g - amulet of reflection
HPRegen 0.09/turn               (no ring)
MPRegen 0.08/turn               (no ring)

@: no status effects
A: sturdy frame 1, weakness stinger 1
a: no special abilities


You were on level 2 of the Dungeon.
You visited 1 branch of the dungeon, and saw 2 of its levels.

You collected 77 gold pieces.

Inventory:

Hand Weapons
 a - a +0 trident (weapon)
Armour
 b - a +0 scale mail (worn)
 c - a +0 buckler (worn)
 h - a +0 ring mail
Jewellery
 g - an amulet of reflection (around neck)
Scrolls
 e - a scroll of vulnerability {unknown}
 f - a scroll of summoning {unknown}
 k - a scroll of immolation {unknown}
 l - a scroll of identify {unknown}
Potions
 d - a potion of might
 i - a potion of magic {unknown}
 j - 2 potions of ambrosia {unknown}


   Skills:
 - Level 3.0 Fighting
 * Level 3.1 Polearms
 - Level 2.6 Armour
 - Level 1.0 Dodging
 + Level 0.9 Stealth
 - Level 2.6 Shields


You had 2 spell levels left.
You didn't know any spells.
Your spell library was empty.

Dungeon Overview and Level Annotations

Branches:
Dungeon (2/15)

Altars:


Innate Abilities, Weirdness & Mutations

Your movements are slightly less encumbered by armour. (ER -2)
You have a small tail.


Message History

There is a stone staircase leading up, spattered with blood here.
HP restored.
You see here a worm corpse.
A giant cockroach comes into view.
You barely miss the giant cockroach. The giant cockroach barely misses you.
You puncture the giant cockroach!
You kill the giant cockroach!
You now have 77 gold pieces (gained 15).
A gnoll comes into view.
It is wielding a +1 flail of protection.
The gnoll shouts!
You hear a shout!
A gnoll comes into view. It is wielding a +0 spear.
The gnoll shouts!
A gnoll comes into view. It is wielding a +0 spear.
The gnoll shouts!
Reach: a) +0 trident
Press: ? - help, Dir - move target, f - gnoll
Aim: a gnoll, wielding a +1 flail of protection (about 39% to evade your +0 trident)
You reach to attack!
You closely miss the gnoll. You hit the gnoll but do no damage.
The gnoll hits you with a +1 flail of protection.
You closely miss the gnoll. You block the gnoll's attack. x3
The gnoll closely misses you.
You hit the gnoll but do no damage. You block the gnoll's attack.
A gnoll comes into view. It is wielding a +0 flail.
The gnoll hits you with a +1 flail of protection!
The gnoll hits you from afar with a +0 spear.
The gnoll shouts!
You hit the gnoll.
The gnoll is moderately wounded.
You block the gnoll's attack. x2
The gnoll hits you from afar with a +0 spear.
You barely miss the gnoll.
The gnoll is moderately wounded.
You block the gnoll's attack.
The gnoll hits you from afar with a +0 spear.
* * * LOW HITPOINT WARNING * * *
The gnoll hits you from afar with a +0 spear.
* * * LOW HITPOINT WARNING * * *
The gnoll hits you with a +1 flail of protection.
You die...

... #.# ..# #.# ..#
########.# #.# #..
..##.# # #g####.#
#.##.##.##
#g.....###.##÷.....
#g####.#...†<.>..##
#g#..†...#.#######
#.@.##.###.#
#.####.....#
#......#####
########


You could see 4 gnolls.

Vanquished Creatures
  A gnoll (D:1)
  A worm (D:2)
  A dart slug (D:1)
  5 endoplasms
  A giant cockroach (D:2)
  5 goblins (D:1)
  A hobgoblin (D:1)
  5 jackals
  A quokka (D:1)
  2 ball pythons (D:1)
  3 frilled lizards (D:1)
  A kobold (D:1)
  A rat (D:1)
28 creatures vanquished.

Notes
Turn   | Place    | Note
-------+----------+-------------------------------------------
     0 | D:1      | IdlyInterested the Demonspawn Fighter began the quest for
                  | the Orb.
     0 | D:1      | Reached XP level 1. HP: 18/18 MP: 1/1
   171 | D:1      | Gained mutation: You have a small tail. [demonic ancestry]
   171 | D:1      | Reached XP level 2. HP: 15/24 MP: 2/2
   307 | D:1      | Reached skill level 1 in Dodging
   500 | D:1      | Found a faded altar of an unknown god.
   614 | D:1      | Gained mutation: Your movements are slightly less
                  | encumbered by armour. (ER -2) [demonic ancestry]
   614 | D:1      | Reached XP level 3. HP: 23/29 MP: 3/3
  1042 | D:2      | Slain by a gnoll

Illustrated notes

Levels and vault maps discovered:
D:1:      minmay_arrival_checkered_box, layout_rooms,
          ebering_ecumenical_altar_mist
D:2:      layout_loops_cross, corexii_corridor_pit, uniq_jessica

Skill      XL: |  1  2  3 |
---------------+----------+-----
Polearms       | 2 3 |  3.1
Dodging        | 1 |  1.0
Fighting       | |  3.0
Armour         | |  2.6
Stealth        | |  0.9
Shields        | |  2.6

Action                   || total
-------------------------++-------
Melee: Trident           ||    84
       Tailslap          ||     4
Armor: Scale mail        ||    33
Dodge: Dodged            ||    26
Block: Buckler           ||    48

Table legend: (Time is in decaauts)
 A = Elapsed time spent in this place.
 B = Non-inter-level travel time spent in this place.
 C = Inter-level travel time spent in this place.
 D = Time resting spent in this place.
 E = Time spent auto-exploring this place.
 F = Levels seen in this place.
 G = Mean time per level.
                   A        B        C        D        E       F      G
               +--------+--------+--------+--------+--------+-----+--------+
         Total |   1060 |    996 |     64 |    424 |    330 |   2 |  530.0 |
       Dungeon |   1060 |    996 |     64 |    424 |    330 |   2 |  530.0 |
               +--------+--------+--------+--------+--------+-----+--------+

Top non-repeatable levels by time:
     D:1: 882 daAuts
     D:2: 178 daAuts
